 Dungeon Crawl Stone Soup version 0.21.1-1-g345015f (webtiles) character file.

690 Stormphoenix the Cudgeler (level 7, -1/70 HPs)
             Began as an Ogre Fighter on June 20, 2018.
             Was a Follower of Sif Muna.
             Slain by an adder (2 damage)
             ... on level 4 of the Dungeon.
             The game lasted 00:09:55 (5237 turns).

Stormphoenix the Cudgeler (Ogre Fighter)            Turns: 5237, Time: 00:09:56

Health: -1/70      AC:  3    Str: 23    XL:     7   Next: 63%
Magic:  16/16      EV:  8    Int: 13    God:    Sif Muna [*.....]
Gold:   205        SH:  8    Dex:  8    Spells: 6/6 levels left

rFire    . . .     SeeInvis .   u - +1 flail (crush)
rCold    . . .     Gourm    .   c - +0 shield
rNeg     . . .     Faith    .   i - +1 robe
rPois    .         Spirit   .   (helmet restricted)
rElec    .         Reflect  .   (no cloak)
rCorr    .         Harm     .   (gloves unavailable)
MR       .....                  (boots unavailable)
Stlth    +.........             j - amulet of magic regeneration
HPRegen  0.21/turn              e - +4 ring of intelligence
MPRegen  0.40/turn              w - ring of magical power

@: lethally poisoned (-1 -> -5)
A: large, unfitting armour, deformed body, tough skin 1, sturdy frame 1
a: Divine Energy, Renounce Religion


You were on level 4 of the Dungeon.
You worshipped Sif Muna.
Sif Muna was aware of your devotion.
You were not hungry.

You visited 1 branch of the dungeon, and saw 5 of its levels.

You collected 205 gold pieces.

Inventory:

Hand Weapons
 g - a +2 morningstar of protection
 u - a +1 flail of crushing (weapon)
Armour
 c - a +0 shield (worn)
 i - a +1 robe (worn)
Jewellery
 e - a +4 ring of intelligence (left hand)
 j - an amulet of magic regeneration (around neck)
 p - an uncursed ring of flight
 w - a ring of magical power (right hand)
Wands
 y - a wand of digging (15)
Scrolls
 h - 2 scrolls of fog
 k - 3 scrolls of remove curse
 o - 2 scrolls of identify
 r - a scroll of amnesia
 t - a scroll of blinking {unknown}
 z - a scroll of enchant armour
Potions
 a - 3 potions of curing
 b - 3 potions of flight
 d - a potion of might
 l - 2 potions of magic
 m - a potion of brilliance
 x - a potion of cancellation
Books
 q - a book of Maledictions

   Spells                             Type                      Level
   a - Corona                         Hexes                        1
   b - Ensorcelled Hibernation        Hexes/Ice                    2
   c - Confuse                        Hexes                        3
   d - Tukima's Dance                 Hexes                        3
   e - Dazzling Spray                 Conjuration/Hexes            3
Comestibles
 f - 9 rations


   Skills:
 - Level 4.0 Fighting
 + Level 7.6 Maces & Flails
 - Level 2.6 Dodging
 - Level 2.6 Shields


You had 6 spell levels left.
You didn't know any spells.

Dungeon Overview and Level Annotations

Branches:
Dungeon (5/15)
 Temple: D:4-7

Altars:
Gozag
Okawaru
Ru
Sif Muna
Vehumet
The Shining One

Annotations:
D:4 Grinder


Innate Abilities, Weirdness & Mutations

You are too large for most types of armour.
You have tough skin. (AC +1)
Armour fits poorly on your strangely shaped body.
Your movements are slightly less encumbered by armour. (ER -2)


Message History

You hit Grinder.
Grinder is almost dead.
You feel sick. The adder bites you.
* * * LOW HITPOINT WARNING * * *
You are more poisoned.
The adder poisons you!
Grinder blinks!
You block the adder's attack. Grinder gestures at you.
You resist with some effort. You block the adder's attack.
You feel sick. You block the adder's attack. Grinder gestures at you.
You resist with some effort.
You closely miss the adder.
You feel sick. The adder bites you.
* * * LOW HITPOINT WARNING * * *
You hit the adder.
The adder is heavily wounded.
The adder bites you.
* * * LOW HITPOINT WARNING * * *
The adder bites you.
You die...

.........##.##.#....#............
.........##.##.#....#............
#####'...##.##.#....#............
.#...#...##.##...................
.#...#....#.####....####.........
.....#....#.# #....# #.........
._.###....#.# #########.........
.....#......#######...##.........
.#...#...#......@..5?.##....^....
.#...#...#.....S......##.........
#####'...#............##.........
...........>#######...##.........
.....[...#### ...##.........
.........# ####.........
..(......# ########## .........#
.........#


You could see Grinder and an adder.

Vanquished Creatures
  The ghost of Ethylacetat the Slasher, an amateur DsMo of Okawaru (D:4)
  6 orc wizards
  2 hounds (D:4)
  2 worker ants (D:4)
  8 adders
  2 oozes
  2 worms
  2 dart slugs
  17 orcs
  2 ball pythons
  12 bats
  4 giant cockroaches
  9 goblins
  12 hobgoblins
  6 jackals
  A quokka (D:4)
  6 frilled lizards
  9 kobolds
  10 rats
113 creatures vanquished.

Notes
Turn   | Place    | Note
-------+----------+-------------------------------------------
     0 | D:1      | Stormphoenix the Ogre Fighter began the quest for the Orb.
     0 | D:1      | Reached XP level 1. HP: 24/24 MP: 1/1
    29 | D:1      | Reached skill level 2 in Maces & Flails
   190 | D:1      | Reached XP level 2. HP: 28/32 MP: 2/2
   489 | D:1      | Reached skill level 3 in Maces & Flails
   518 | D:1      | Reached XP level 3. HP: 23/39 MP: 3/3
  1108 | D:2      | HP: 1/39 [hobgoblin/mace (5)]
  1425 | D:2      | Reached XP level 4. HP: 27/48 MP: 4/4
  1868 | D:2      | Reached skill level 4 in Maces & Flails
  1936 | D:2      | Found a faded altar of an unknown god.
  1939 | D:2      | Became a worshipper of Sif Muna the Loreminder
  1939 | D:2      | Reached * piety under Sif Muna
  2049 | D:2      | Found a glowing golden altar of the Shining One.
  2507 | D:3      | Reached XP level 5. HP: 33/54 MP: 5/5
  2704 | D:3      | Reached skill level 5 in Maces & Flails
  3181 | D:3      | Reached XP level 6. HP: 62/62 MP: 6/6
  3193 | D:3      | Found an opulent altar of Gozag.
  3202 | D:3      | Found an iron altar of Okawaru.
  3253 | D:3      | Found a radiant altar of Vehumet.
  3503 | D:3      | Reached skill level 6 in Maces & Flails
  4478 | D:4      | Noticed Ethylacetat's ghost (amateur DsMo)
  4489 | D:5      | Entered Level 5 of the Dungeon
  4635 | D:4      | Killed Ethylacetat's ghost
  4635 | D:4      | Reached skill level 7 in Maces & Flails
  4635 | D:4      | Reached XP level 7. HP: 25/70 MP: 7/7
  4860 | D:4      | Found a sacrificial altar of Ru.
  4949 | D:4      | Noticed Grinder
  4960 | D:4      | Paralysed by Grinder for 6 turns
  4977 | D:4      | Gained mutation: Armour fits poorly on your strangely shaped body. [potion of mutation]
  4977 | D:4      | Gained mutation: Your movements are slightly less encumbered by armour. (ER -2) [potion of mutation]
  5237 | D:4      | HP: 1/70 [adder (4)]
  5237 | D:4      | Slain by an adder

Skill      XL: |  1  2  3  4  5  6 |
---------------+-------------------+-----
Maces & Flails | 2 3 4 5 7 |  7.6
Fighting       | |  4.0
Dodging        | |  2.6
Shields        | |  2.6

Action                   |  1- 3 |  4- 6 |  7- 9 || total
-------------------------+-------+-------+-------++-------
Melee: Flail             |   144 |    95 |    44 ||   283
       Morningstar       |       |   153 |       ||   153
  Use: Scroll            |     4 |     3 |     2 ||     9
       Potion            |     2 |     1 |     4 ||     7
 Stab: Sleeping          |     1 |       |       ||     1
       Invisible         |       |       |     1 ||     1
       Paralysed         |       |       |     1 ||     1
  Eat: Chunk             |     1 |     5 |     1 ||     7
       Ration            |     1 |     1 |     1 ||     3
Armor: Robe              |    45 |    73 |     8 ||   126
Dodge: Dodged            |    54 |    81 |    10 ||   145
Block: Shield            |    64 |   107 |    20 ||   191
